 Dungeon Crawl Stone Soup version 0.27-a0-1431-gcffa5a9b16 (webtiles) character file.

Game seed: 13141775637043063691

65 blackman the Grasshopper (level 4, -9/38 HPs)
             Began as a Gnoll Warper on July 2, 2021.
             Was a Follower of Dithmenos.
             Killed from afar by an orc wizard (10 damage)
             ... with a puff of flame
             ... on level 3 of the Dungeon.
             The game lasted 00:14:38 (3686 turns).

blackman the Grasshopper (Gnoll Warper)             Turns: 3686, Time: 00:14:39

Health: -9/38      AC:  2    Str: 11    XL:     4   Next: 13%
Magic:  1/11       EV: 13    Int: 13    God:    Dithmenos [*.....]
Gold:   86         SH:  0    Dex: 11    Spells: 5/13 levels left

rFire    . . .     SeeInvis .   a - +0 mace
rCold    . . .     Faith    .   (no shield)
rNeg     . . .     Spirit   .   g - +0 robe
rPois    .         Reflect  .   (no helmet)
rElec    .         Harm     .   (no cloak)
rCorr    .         Rampage  .   (no gloves)
Will     .....                  (no boots)
Stlth    ++........             (no amulet)
HPRegen  0.12/turn              (no ring)
MPRegen  0.12/turn              (no ring)

@: wreathed by umbra
A: fangs 1, strong nose, distributed training
a: Renounce Religion


You were on level 3 of the Dungeon.
You worshipped Dithmenos.
Dithmenos was aware of your devotion.
You visited 1 branch of the dungeon, and saw 3 of its levels.

You collected 86 gold pieces.

Inventory:

Hand Weapons
 a - a +0 mace (weapon)
 j - a +0 short sword of holy wrath
Missiles
 d - 5 boomerangs of dispersal (quivered)
Armour
 b - a +0 leather armour
 e - a +0 chain mail
 g - a +0 robe (worn)
Scrolls
 f - a scroll of noise {unknown}
 h - 2 scrolls of magic mapping
 k - a scroll of amnesia {unknown}
 l - a scroll of identify {unknown}
Potions
 i - a potion of curing {unknown}


   Skills:
 + Level 4.6 Fighting
 + Level 1.0 Short Blades
 + Level 1.0 Long Blades
 + Level 1.0 Axes
 + Level 4.6 Maces & Flails
 + Level 1.0 Polearms
 + Level 1.0 Staves
 + Level 1.0 Slings
 + Level 1.0 Bows
 + Level 1.0 Crossbows
 + Level 2.7 Throwing
 + Level 2.7 Armour
 + Level 4.6 Dodging
 + Level 1.0 Stealth
 + Level 1.0 Shields
 + Level 1.0 Unarmed Combat
 + Level 5.0 Spellcasting
 + Level 0.8 Conjurations
 + Level 0.8 Hexes
 + Level 0.8 Summonings
 + Level 0.8 Necromancy
 + Level 5.4 Translocations
 + Level 0.8 Transmutations
 + Level 0.8 Fire Magic
 + Level 0.8 Ice Magic
 + Level 0.8 Air Magic
 + Level 0.8 Earth Magic
 + Level 0.8 Poison Magic
 + Level 1.1 Invocations
 + Level 1.0 Evocations


You had 5 spell levels left.
You knew the following spells:

 Your Spells              Type           Power      Damage    Failure   Level
a - Blink                 Tloc           N/A        N/A       3%          2
b - Gell's Gravitas       Tloc           8%         N/A       6%          3
c - Teleport Other        Tloc           17%        N/A       6%          3

Your spell library contained the following spells:

 Spells                   Type           Power      Damage    Failure   Level
 Lesser Beckoning         Tloc           8%         N/A       6%          3
 Manifold Assault         Tloc           17%        N/A       50%         5


Dungeon Overview and Level Annotations

Branches:
Dungeon (3/15)

Altars:
Cheibriados
Dithmenos


Innate Abilities, Weirdness & Mutations

You have very sharp teeth.
Your uncanny sense of smell can sniff out nearby items.
Your experience applies equally to all skills.


Message History

Gravity reorients around the orc.
The orc collides with the orc!
You kill the orc!
Dithmenos accepts your kill. The orc barely misses you.
Your +0 short sword of holy wrath stops glowing.
a - a +0 mace (weapon)
You barely miss the orc.
The orc is heavily wounded.
The orc closely misses you.
You hit the orc but do no damage.
The orc is heavily wounded.
The orc closely misses you.
You hit the orc. Your bite misses the orc.
The orc is almost dead.
The orc completely misses you. The orc closely misses you.
You barely miss the orc.
The orc is almost dead.
The orc closely misses you.
You hit the orc.
You kill the orc!
Dithmenos accepts your kill.
You start resting.
Something hits you.
* * * LOW HITPOINT WARNING * * *
Casting: Gell's Gravitas (dangerous; 6% risk of failure)
Confirm with . or Enter, or press ? or * to list all spells.
You don't have enough magic to cast this spell.
You closely miss something. Something hits you.
* * * LOW HITPOINT WARNING * * *
You sock something! Something hits you.
* * * LOW HITPOINT WARNING * * *
You hit something. Your bite misses something. Something hits you.
* * * LOW HITPOINT WARNING * * *
Something hits you.
* * * LOW HITPOINT WARNING * * *
Blink to where?
Press: ? - help, Dir - move target
As you read the scroll of blinking, it crumbles to dust.
A puff of flame appears from out of thin air!
The puff of flame hits you!
You die...

.# #....# .#
#...>#..........# .#
#....#..........# .#
#....#..........# .#
#....#..........# ∆ .#
#....#..........# .#
#....#..........# .#
#....#...)......# .#
####.#.......@..###.# .#
#.#######)........ .#
#.# #..#####.#
.######.#######..#
.................#####.#
#######........†).......
#####.####{#####.# #.#
#§# #............#


There were no monsters in sight!

Vanquished Creatures
  A worm (D:2)
  A dart slug (D:1)
  4 orcs (D:3)
  5 ball pythons
  6 endoplasms
  2 giant cockroaches
  5 hobgoblins
  4 jackals
  7 kobolds
  4 quokkas
  2 bats
  3 frilled lizards
  3 goblins
  3 rats (D:1)
50 creatures vanquished.

Vanquished Creatures (others)
  Sigmund (D:2)
  11 plants (D:2)
12 creatures vanquished.

Grand Total: 62 creatures vanquished

Notes
Turn   | Place    | Note
-------+----------+-------------------------------------------
     0 | D:1      | blackman the Gnoll Warper began the quest for the Orb.
     0 | D:1      | Reached XP level 1. HP: 20/20 MP: 6/6
   237 | D:1      | Found a faded altar of an unknown god.
   273 | D:1      | Reached XP level 2. HP: 13/26 MP: 7/7
   289 | D:1      | Upgraded the game from 0.27-a0-1416-g941b2bd30b to
                  | 0.27-a0-1431-gcffa5a9b16
   295 | D:1      | Became a worshipper of Dithmenos the Shadowed
   295 | D:1      | Reached * piety under Dithmenos
   899 | D:1      | Reached XP level 3. HP: 6/31 MP: 9/9
  1155 | D:1      | Learned a level 2 spell: Blink
  1500 | D:1      | Learned a level 3 spell: Gell's Gravitas
  1547 | D:1      | Reached skill level 5 in Spellcasting
  1875 | D:2      | Found a snail-covered altar of Cheibriados.
  2123 | D:2      | Noticed Sigmund
  2128 | D:2      | Learned a level 3 spell: Teleport Other
  2245 | D:2      | Killed Sigmund
  2764 | D:2      | Reached skill level 1 in Invocations
  3454 | D:3      | Reached skill level 1 in Short Blades
  3454 | D:3      | Reached skill level 1 in Long Blades
  3454 | D:3      | Reached skill level 1 in Axes
  3454 | D:3      | Reached skill level 1 in Polearms
  3454 | D:3      | Reached skill level 1 in Staves
  3454 | D:3      | Reached skill level 1 in Slings
  3454 | D:3      | Reached skill level 1 in Bows
  3454 | D:3      | Reached skill level 1 in Crossbows
  3454 | D:3      | Reached skill level 1 in Stealth
  3454 | D:3      | Reached skill level 1 in Shields
  3454 | D:3      | Reached skill level 1 in Unarmed Combat
  3454 | D:3      | Reached skill level 1 in Evocations
  3650 | D:3      | Reached XP level 4. HP: 38/38 MP: 3/11
  3685 | D:3      | HP: 1/38 [something (1)]
  3686 | D:3      | Killed from afar by an orc wizard

Illustrated notes

Levels and vault maps discovered:
D:1:      lightli_arrival_isolated_outpost, layout_loops_cross,
          chequers_ecumenical_altar_island
D:2:      kb_forest_paths, layout_rooms, basic_altar, serial_bayou,
          serial_bayou_pond_a, serial_bayou_crossing, serial_bayou_ford_a,
          serial_bayou_lagoon_a, serial_bayou_pond_a, uniq_sigmund
D:3:      layout_basic

Skill      XL: |  1  2  3 |
---------------+----------+-----
Spellcasting   | 5 |  5.0
Invocations    | 1 |  1.1
Short Blades   | 1 |  1.0
Long Blades    | 1 |  1.0
Axes           | 1 |  1.0
Polearms       | 1 |  1.0
Staves         | 1 |  1.0
Slings         | 1 |  1.0
Bows           | 1 |  1.0
Crossbows      | 1 |  1.0
Stealth        | 1 |  1.0
Shields        | 1 |  1.0
Unarmed Combat | 1 |  1.0
Evocations     | 1 |  1.0
Fighting       | |  4.6
Maces & Flails | |  4.6
Throwing       | |  2.7
Armour         | |  2.7
Dodging        | |  4.6
Conjurations   | |  0.8
Hexes          | |  0.8
Summonings     | |  0.8
Necromancy     | |  0.8
Translocations | |  5.4
Transmutations | |  0.8
Fire Magic     | |  0.8
Ice Magic      | |  0.8
Air Magic      | |  0.8
Earth Magic    | |  0.8
Poison Magic   | |  0.8

Action                   |  1- 3 |  4- 6 || total
-------------------------+-------+-------++-------
Melee: Mace              |   155 |     8 ||   163
       Bite              |    16 |       ||    16
       Short sword       |     5 |    15 ||    20
 Cast: Blink             |    14 |       ||    14
       Gell's Gravitas   |     4 |     2 ||     6
       Teleport Other    |     3 |       ||     3
  Use: Scroll            |     1 |     1 ||     2
 Stab: Sleeping          |     1 |       ||     1
Armor: Leather armour    |    11 |       ||    11
       Chain mail        |    35 |       ||    35
       Robe              |    15 |     2 ||    17
Dodge: Dodged            |    94 |    13 ||   107

Table legend: (Time is in decaauts)
 A = Elapsed time spent in this place.
 B = Non-inter-level travel time spent in this place.
 C = Inter-level travel time spent in this place.
 D = Time resting spent in this place.
 E = Time spent auto-exploring this place.
 F = Levels seen in this place.
 G = Mean time per level.
                   A        B        C        D        E       F      G
               +--------+--------+--------+--------+--------+-----+--------+
         Total |   3790 |   3687 |    103 |   1370 |   1184 |   3 | 1263.3 |
       Dungeon |   3790 |   3687 |    103 |   1370 |   1184 |   3 | 1263.3 |
               +--------+--------+--------+--------+--------+-----+--------+

Top non-repeatable levels by time:
     D:1: 2238 daAuts
     D:2: 1062 daAuts
     D:3: 490 daAuts
